 Dungeon Crawl Stone Soup version 0.31-a0-202-g547052bce9 (webtiles) character file.

Game seed: 4816546860965608387

175 qw the Skirmisher (level 5, -3/29 HPs)
             Began as a Deep Elf Hunter on June 26, 2023.
             Slain by a hornet (11 damage)
             ... on level 7 of the Dungeon.
             The game lasted 00:00:55 (2586 turns).

qw the Skirmisher (Deep Elf Hunter)                 Turns: 2586, Time: 00:00:56

Health: -3/29      AC:  5    Str: 10    XL:     5   Next: 29%
Magic:  0/7        EV: 11    Int: 14    God:
Gold:   77         SH:  0    Dex: 18    Spells: 4/4 levels left

rFire   . . .        Y - +1 shortbow
rCold   . . .        (shield currently unavailable)
rNeg    . . .        a - +0 ring mail
rPois   .            (no helmet)
rElec   .            (no cloak)
rCorr   .            (no gloves)
SInv    .            (no boots)
Will    .....        c - amulet of guardian spirit
Stlth   +            (no ring)
HPRegen 0.24/turn    (no ring)
MPRegen 0.10/turn

%: guardian spirit
@: lethally poisoned (-3 -> -17), slowed, very slow
A: no striking features
a: no special abilities


You were on level 7 of the Dungeon.
You visited 1 branch of the dungeon, and saw 5 of its levels.

You collected 127 gold pieces.
You spent 50 gold pieces at shops.


   Skills:
 - Level 1.5 Fighting
 + Level 8.8 Ranged Weapons
 - Level 2.4 Dodging
 - Level 1.2 Stealth


You had 4 spell levels left.
You didn't know any spells.
Your spell library was empty.

Inventory:

Hand Weapons
 Y - a +1 shortbow (weapon)
Armour
 a - a +0 ring mail (worn)
 g - a scarf of harm
Jewellery
 c - an amulet of guardian spirit (around neck)
Scrolls
 b - a scroll of identify
 f - 2 scrolls of teleportation
Potions
 d - 2 potions of haste
 e - a potion of enlightenment
 i - a potion of curing {unknown}
 k - a potion of berserk rage {unknown}

Dungeon Overview and Level Annotations

Branches:
Dungeon (4/15)             Temple (0/1) D:7

Altars:
Cheibriados
Elyvilon
Nemelex Xobeh
Qazlal
Zin

Shops:
D:2 ((?[[

Annotations:
D:3 1 runed translucent door, Crazy Yiuf


Message History

The centaur shoots an arrow.
The arrow hits you.
You shoot an arrow. The arrow hits the centaur.
The centaur is almost dead.
Your surroundings suddenly seem different.
Found a stone staircase leading up and a stone staircase leading down.
Enter note: You start resting.
HP restored.
Magic restored. 2 kobolds and a hornet come into view.
The kobold shouts!
You hear a shout! x2; The kobold shouts!
You hear a shout! x3
A kobold comes into view. It is wielding a +0 dagger.
A kobold comes into view. It is wielding a +3 short sword.
A kobold brigand comes into view.
It is wielding a +0 club and quivering curare-tipped darts.
The kobold throws a stone.
The stone hits you.
A kobold comes into view. It is wielding a +0 whip.
A kobold comes into view. It is wielding a +0 club.
Enter note:
2582 ||| Stepping ~*~*~tactically~*~*~ (outnumbered).
You shoot an arrow.
The arrow hits the hornet but does no damage.
The hornet barely misses you.
You shoot an arrow. The arrow closely misses the hornet.
The hornet stings you.
You feel yourself slow down.
You shoot an arrow. The arrow barely misses the hornet.
The arrow closely misses the kobold.
The hornet stings you!
You feel as though you will be slow longer.
The hornet barely misses you. The hornet stings you.
You are poisoned.
You feel as though you will be slow longer.
You shoot an arrow. The arrow closely misses the hornet.
The arrow barely misses the kobold.
You feel very sick.
You hear a shout!
The hornet stings you!
You are lethally poisoned!
You feel as though you will be slow longer.
The hornet stings you!
You die...

#.# #.# #>#
#.# #<# #.#
#.# #.# #@#
#y# ...#
#KK.K...K ..#
####K#K#K ..#
K. ..# K# #.#
# #.# #.#####
#)#####......


You could see a hornet, a kobold brigand and a kobold.

Vanquished Creatures
  An ice beast (D:7)
  2 adders (D:3)
  2 worms
  A dart slug (D:1)
  5 ball pythons
  4 endoplasms
  4 giant cockroaches
  7 hobgoblins
  2 jackals (D:2)
  10 kobolds
  2 quokkas
  5 bats
  5 frilled lizards
  A goblin (D:2)
  7 rats
58 creatures vanquished.

Notes
Turn   | Place    | Note
-------+----------+-------------------------------------------
     0 | D:1      | qw the Deep Elf Hunter began the quest for the Orb.
     0 | D:1      | Reached XP level 1. HP: 12/12 MP: 3/3
     0 | D:1      | 0 ||| qw: Version: 0.3-a-22-g0ed2b0b
     0 | D:1      | 0 ||| qw: Game counter: 6220
     0 | D:1      | 0 ||| qw: Melee chars always use a shield: true
     0 | D:1      | 0 ||| qw: God list: Okawaru
     0 | D:1      | 0 ||| qw: Allow faded altars: false
     0 | D:1      | 0 ||| qw: Do Orc after clearing Dungeon:15 true
     0 | D:1      | 0 ||| qw: Do second Lair branch before Depths: true
     0 | D:1      | 0 ||| qw: Lair rune preference: random
     0 | D:1      | 0 ||| qw: Goals: Normal
     0 | D:1      | 0 ||| PLANNING D:1-11
    68 | D:1      | Reached XP level 2. HP: 16/16 MP: 4/4
    81 | D:1      | Reached skill level 6 in Ranged Weapons
   556 | D:1      | Reached XP level 3. HP: 17/17 MP: 5/5
   606 | D:1      | 606 ||| READING scroll labelled SYCSOR TUIMIKK.
   607 | D:1      | 607 ||| DRINKING 2 silvery potions.
   608 | D:1      | 608 ||| DROPPING scroll of butterflies.
   616 | D:2      | Found Gadepurgh's Antique Armour Boutique.
   619 | D:2      | 619 ||| SHOPLISTING ring mail (96 gold, have 62).
   619 | D:2      | 619 ||| SHOPLISTING runed cloak (180 gold, have 62).
   665 | D:2      | Found Ysiuril's Armour Shoppe.
   673 | D:2      | Found Kaumaen's Magic Scroll Shop.
   675 | D:2      | 675 ||| SHOPLISTING +0 pair of boots of rampaging (161
                  | gold, have 62).
   683 | D:2      | 683 ||| SHOPLISTING scroll of enchant armour (75 gold, have
                  | 62).
   683 | D:2      | 683 ||| BUYING scroll of identify (20 gold).
   683 | D:2      | Bought a scroll of identify for 20 gold pieces
   683 | D:2      | 683 ||| BUYING scroll of teleportation (30 gold).
   683 | D:2      | Bought a scroll of teleportation for 30 gold pieces
   683 | D:2      | 683 ||| SHOPLISTING scroll of teleportation (30 gold, have
                  | 12).
  1017 | D:2      | Found a faded altar of an unknown god.
  1021 | D:2      | Reached skill level 7 in Ranged Weapons
  1022 | D:2      | Found Loutofab's Weapon Boutique.
  1030 | D:2      | 1030 ||| SHOPLISTING +2 heavy arbalest (221 gold, have 12).
  1165 | D:2      | Found Xesso's Weapon Shop.
  1173 | D:2      | 1173 ||| SHOPLISTING +2 arbalest of electrocution (278
                  | gold, have 12).
  1464 | D:2      | 1464 ||| UPGRADING to +0 ring mail.
  1474 | D:2      | 1474 ||| DROPPING +0 leather armour.
  1475 | D:2      | 1475 ||| READING scroll labelled GUNUYPL UCUME.
  1476 | D:2      | 1476 ||| DRINKING 2 bubbling red potions.
  1477 | D:2      | 1477 ||| READING 2 scrolls of identify.
  1477 | D:2      | 1477 ||| IDENTIFYING orange potion
  1479 | D:2      | 1479 ||| Stepping ~*~*~tactically~*~*~ (cloud).
  1640 | D:3      | Found a white marble altar of Elyvilon.
  1651 | D:3      | Reached XP level 4. HP: 25/25 MP: 6/6
  1660 | D:3      | Found a stormy altar of Qazlal.
  1664 | D:3      | Found a snail-covered altar of Cheibriados.
  1886 | D:3      | Found a runed translucent door.
  1887 | D:3      | Noticed Crazy Yiuf
  2002 | D:3      | Found a glowing silver altar of Zin.
  2277 | D:3      | 2277 ||| UPGRADING to amulet of guardian spirit.
  2282 | D:3      | 2282 ||| READING scroll labelled TECEOBB LEORA.
  2283 | D:3      | 2283 ||| READING scroll labelled BODAIL GESHRINO.
  2323 | D:4      | You fall into a shaft and drop 3 floors!
  2413 | D:7      | Noticed an ice beast
  2421 | D:7      | Killed an ice beast
  2422 | D:7      | Reached skill level 8 in Ranged Weapons
  2422 | D:7      | Reached XP level 5. HP: 22/29 MP: 4/7
  2455 | D:7      | Found a staircase to the Ecumenical Temple.
  2456 | D:7      | 2456 ||| PLANNING TEMPLE
  2483 | D:7      | Found a sparkling altar of Nemelex Xobeh.
  2520 | D:7      | Noticed a centaur
  2524 | D:7      | HP: 5/29 [centaur/arrow (5)]
  2525 | D:7      | 2525 ||| READING 3 scrolls of teleportation.
  2526 | D:7      | 2526 ||| DRINKING potion of heal wounds.
  2581 | D:7      | Noticed a hornet
  2582 | D:7      | 2582 ||| Stepping ~*~*~tactically~*~*~ (outnumbered).
  2586 | D:7      | Slain by a hornet

Levels and vault maps discovered:
D:1:      heliophobic_arrival_battle_scene, layout_basic
D:2:      layout_loops_corners, serial_shops, shop, nicolae_shop_trees,
          nicolae_shop_window_shopping, nicolae_shop_statue_plus,
          nicolae_shop_just_a_little_nook, ebering_ecumenical_altar_abandoned,
          minivault_11
D:3:      layout_basic, minmay_overflow_temple_star_quad,
          mainiacjoe_overflow_chevrons, uniq_crazy_yiuf_cottage
D:4:      layout_loops_cross, marbit_many_paths, led_xom_imps,
          minmay_fractal_squares_gapless_5, uniq_grinder
D:7:      layout_loops_ring, nemelex_diamond_rough_becter,
          grunt_temple_overflow_cloverleaf, temple_pool_b, roderic_lattice_a,
          uniq_joseph

Skill      XL: |  1  2  3  4 |
---------------+-------------+-----
Ranged Weapons | 6 7 8 |  8.8
Fighting       | |  1.5
Dodging        | |  2.4
Stealth        | |  1.2

Action                     |  1- 3 |  4- 6 || total
---------------------------+-------+-------++-------
   Fire: Shortbow          |   143 |    53 ||   196
    Use: Scroll            |     3 |     3 ||     6
         Potion            |     2 |     1 ||     3
 Armour: Leather armour    |    10 |       ||    10
         Ring mail         |     2 |     5 ||     7
  Dodge: Dodged            |    32 |    20 ||    52

Table legend:
 A = Non-vault XP
 B = Vault XP
 C = Vault XP percentage of total XP
 D = Non-vault monster count
 E = Vault monster count
 F = Vault count percentage of total count
                 A         B        C        D         E       F
            +---------+---------+-------+---------+---------+-------
      Total |     251 |       0 |   0.0 |      58 |       0 |   0.0
            +---------+---------+-------+---------+---------+-------
        D:1 |      41 |       0 |   0.0 |      25 |       0 |   0.0
        D:2 |      36 |       0 |   0.0 |      20 |       0 |   0.0
        D:3 |      45 |       0 |   0.0 |      12 |       0 |   0.0
        D:7 |     129 |       0 |   0.0 |       1 |       0 |   0.0
            +---------+---------+-------+---------+---------+-------
